TOP OF THE 1ST |
Memphis Blues batting - Pitching for Gainesville Guidos : RHP Rodney Hall
|
Pitching: RHP Rodney Hall
|
|
Batting: RHB Albert Morán
|
0-0: Fly out, F8 (Flyball, 8LM)
|
Batting: RHB Brandon Townsley
|
0-0: Called Strike 0-1: Ball 1-1: Ball 2-1: Ball 3-1: Base on Balls
|
Batting: SHB Fernando Gutiérrez
|
0-0: Called Strike 0-1: Foul Ball, location: 2F 0-2: Ball 1-2: Foul Ball, location: 2F 1-2: Ball 2-2: Ball Brandon Townsley steals 2nd base 3-2: Foul Ball, location: 2F 3-2: Strikes out swinging
|
Batting: RHB Julian Lee
|
0-0: SINGLE (Flyball, 9LS) Brandon Townsley to third Runner from 3rd tries for Home, throw and OUT!
|
Top of the 1st over - 0 runs, 1 hit, 0 errors, 1 left on base; Memphis 0 - Gainesville 0 |
BOTTOM OF THE 1ST |
Gainesville Guidos batting - Pitching for Memphis Blues : RHP Carlos Morán
|
Pitching: RHP Carlos Morán
|
|
Batting: SHB Manuel Díaz
|
0-0: Swinging Strike 0-1: Ball 1-1: Ball 2-1: Foul Ball, location: 2F 2-2: Strikes out swinging
|
Batting: RHB Doug Coleman
|
0-0: Ball 1-0: Called Strike 1-1: Called Strike 1-2: Ball 2-2: Ball 3-2: Base on Balls
|
Batting: RHB César Castillo
|
0-0: Fly out, F7 (Line Drive, 7)
|
Batting: SHB Kent Phillips
|
0-0: Ball 1-0: Ball 2-0: Called Strike 2-1: Ball Wild Pitch! Doug Coleman to second 3-1: Base on Balls
|
Batting: LHB Scott Young
|
0-0: Ball 1-0: Swinging Strike 1-1: Ball 2-1: Ball 3-1: Called Strike 3-2: DOUBLE (Flyball, 89D) Doug Coleman scores Kent Phillips to third Kent Phillips scores
|
Batting: RHB George Green
|
0-0: Called Strike 0-1: Ball 1-1: Foul Ball, location: 2F 1-2: Ball 2-2: Foul Ball, location: 2F 2-2: Foul Ball, location: 2F 2-2: Foul Ball, location: 2F 2-2: Strikes out swinging
|
Bottom of the 1st over - 2 runs, 1 hit, 0 errors, 1 left on base; Memphis 0 - Gainesville 2 |
TOP OF THE 2ND |
Memphis Blues batting - Pitching for Gainesville Guidos : RHP Rodney Hall
|
Batting: RHB Ryan Nelson
|
0-0: Foul Ball, location: 2F 0-1: Ball 1-1: Ball 2-1: Foul Ball, location: 2F 2-2: Ball 3-2: Strikes out swinging
|
Batting: SHB Hang-ki Yue
|
0-0: Called Strike 0-1: Foul Ball, location: 2F 0-2: Ball 1-2: Ball 2-2: Foul Ball, location: 2F 2-2: Foul Ball, location: 2F 2-2: Ball 3-2: Base on Balls
|
Batting: LHB Freddy Torres
|
0-0: Called Strike Hang-ki Yue steals 2nd base 0-1: DOUBLE (Line Drive, 78XD) Hang-ki Yue scores
|
Batting: RHB Miguel Mendoza
|
0-0: Ball 1-0: Fly out, F9 (Flyball, 9D) Runner from 2nd tags up, SAFE at 3rd, no throw
|
Batting: LHB Armando Domínguez
|
0-0: Called Strike 0-1: Ball 1-1: Called Strike 1-2: Ball 2-2: Foul Ball, location: 2F 2-2: Foul Ball, location: 2F 2-2: Strikes out swinging
|
Top of the 2nd over - 1 run, 1 hit, 0 errors, 1 left on base; Memphis 1 - Gainesville 2 |
BOTTOM OF THE 2ND |
Gainesville Guidos batting - Pitching for Memphis Blues : RHP Carlos Morán
|
Batting: RHB León Reynoso
|
0-0: Called Strike 0-1: Foul Ball, location: 2F 0-2: Ball 1-2: Ball 2-2: Strikes out swinging
|
Batting: RHB Ricardo Medina
|
0-0: Ball 1-0: Ball 2-0: Fly out, F9 (Flyball, 9LM)
|
Batting: RHB Ronald Cleveland
|
0-0: Called Strike 0-1: Ball 1-1: Foul Ball, location: 2F 1-2: Foul Ball, location: 2F 1-2: Ball 2-2: SINGLE (Groundball, 56D)
|
Batting: SHB Manuel Díaz
|
0-0: Ball 1-0: Fly out, F8 (Flyball, 8LS)
|
Bottom of the 2nd over - 0 runs, 1 hit, 0 errors, 1 left on base; Memphis 1 - Gainesville 2 |
TOP OF THE 3RD |
Memphis Blues batting - Pitching for Gainesville Guidos : RHP Rodney Hall
|
Batting: RHB Albert Morán
|
0-0: Ball 1-0: SINGLE (Flyball, 8RS)
|
Batting: RHB Brandon Townsley
|
0-0: Ball 1-0: Swinging Strike 1-1: Ball 2-1: Ball 3-1: Called Strike 3-2: Base on Balls Albert Morán to second
|
Batting: SHB Fernando Gutiérrez
|
0-0: Foul Ball, location: 2F 0-1: Ball 1-1: Foul Ball, location: 2F 1-2: Fielders Choice at 2nd, 6-4 (Groundball, 6) Albert Morán to third
|
Batting: RHB Julian Lee
|
0-0: Called Strike 0-1: Ball 1-1: Ball 2-1: Foul Ball, location: 2F 2-2: Foul Ball, location: 2F 2-2: Strikes out swinging
|
Batting: RHB Ryan Nelson
|
0-0: Called Strike 0-1: Foul Ball, location: 2F 0-2: Ground out U3 (Groundball, 34)
|
Top of the 3rd over - 0 runs, 1 hit, 0 errors, 2 left on base; Memphis 1 - Gainesville 2 |
BOTTOM OF THE 3RD |
Gainesville Guidos batting - Pitching for Memphis Blues : RHP Carlos Morán
|
Batting: RHB Doug Coleman
|
0-0: Ball 1-0: SINGLE (Groundball, 56D)
|
Batting: RHB César Castillo
|
0-0: Ball 1-0: Called Strike 1-1: Fielders Choice at 2nd, 4-6 (Groundball, 34)
|
Batting: SHB Kent Phillips
|
0-0: Called Strike 0-1: Called Strike 0-2: Fly out, F7 (Flyball, 7)
|
Batting: LHB Scott Young
|
0-0: Ball 1-0: Ball 2-0: Foul Ball, location: 2F 2-1: Foul Ball, location: 2F 2-2: Strikes out swinging
|
Bottom of the 3rd over - 0 runs, 1 hit, 0 errors, 1 left on base; Memphis 1 - Gainesville 2 |
TOP OF THE 4TH |
Memphis Blues batting - Pitching for Gainesville Guidos : RHP Rodney Hall
|
Batting: SHB Hang-ki Yue
|
0-0: Ground out 6-3 (Groundball, 6D)
|
Batting: LHB Freddy Torres
|
0-0: Ball 1-0: Called Strike 1-1: Ball 2-1: Ground out 6-3 (Groundball, 6)
|
Batting: RHB Miguel Mendoza
|
0-0: Ball 1-0: Ball 2-0: Ball 3-0: Base on Balls
|
Batting: LHB Armando Domínguez
|
0-0: Ground out 4-3 (Groundball, 34)
|
Top of the 4th over - 0 runs, 0 hits, 0 errors, 1 left on base; Memphis 1 - Gainesville 2 |
BOTTOM OF THE 4TH |
Gainesville Guidos batting - Pitching for Memphis Blues : RHP Carlos Morán
|
Batting: RHB George Green
|
0-0: Ground out 5-3 (Groundball, 56)
|
Batting: RHB León Reynoso
|
0-0: Ball 1-0: DOUBLE (Flyball, 8RXD)
|
Batting: RHB Ricardo Medina
|
0-0: Ball 1-0: SINGLE (Groundball, 6D) León Reynoso to third Runner from 3rd tries for Home, SAFE, no throw
|
Batting: RHB Ronald Cleveland
|
0-0: Ball 1-0: SINGLE (Groundball, 4MD) Ricardo Medina to second Runner from 2nd tries for 3rd, SAFE, no throw
|
Batting: SHB Manuel Díaz
|
0-0: Ball 1-0: Called Strike 1-1: Ball 2-1: Ball 3-1: Fly out, F8 (Flyball, 89S) Runner from 3rd tags up, SCORES, no throw
|
Batting: RHB Doug Coleman
|
0-0: Foul Ball, location: 2F 0-1: Called Strike 0-2: SINGLE (Line Drive, 7S) Ronald Cleveland to second
|
Batting: RHB César Castillo
|
0-0: Called Strike 0-1: Ball 1-1: Foul Ball, location: 2F 1-2: Ball 2-2: Fielders Choice at 2nd, 5-4 (Groundball, 56)
|
Bottom of the 4th over - 2 runs, 4 hits, 0 errors, 2 left on base; Memphis 1 - Gainesville 4 |
TOP OF THE 5TH |
Memphis Blues batting - Pitching for Gainesville Guidos : RHP Rodney Hall
|
Batting: RHB Albert Morán
|
0-0: Called Strike 0-1: Swinging Strike 0-2: Foul Ball, location: 2F 0-2: Ball 1-2: Foul Ball, location: 2F 1-2: Ball 2-2: Foul Ball, location: 2F 2-2: Fly out, F7 (Flyball, 7)
|
Batting: RHB Brandon Townsley
|
0-0: Called Strike 0-1: Called Strike 0-2: Foul Ball, location: 2F 0-2: Foul Ball, location: 2F 0-2: Fly out, F8 (Flyball, 8RD)
|
Batting: SHB Fernando Gutiérrez
|
0-0: Ball 1-0: Called Strike 1-1: Ball 2-1: Ball 3-1: Swinging Strike 3-2: Strikes out swinging
|
Top of the 5th over - 0 runs, 0 hits, 0 errors, 0 left on base; Memphis 1 - Gainesville 4 |
BOTTOM OF THE 5TH |
Gainesville Guidos batting - Pitching for Memphis Blues : RHP Carlos Morán
|
Batting: SHB Kent Phillips
|
0-0: Called Strike 0-1: DOUBLE (Line Drive, 7LM)
|
Pinch Runner at 2nd José Sousa:
|
|
Batting: LHB Scott Young
|
0-0: Ball 1-0: Fly out, F9 (Flyball, 9LS)
|
Batting: RHB George Green
|
0-0: Foul Ball, location: 2F 0-1: Ball 1-1: Ground out 5-3 (Groundball, 56)
|
Batting: RHB León Reynoso
|
0-0: Called Strike 0-1: Foul Ball, location: 2F 0-2: Ball 1-2: Foul Ball, location: 2F 1-2: Foul Ball, location: 2F 1-2: Ground out 3-1 (Groundball, 34S)
|
Bottom of the 5th over - 0 runs, 1 hit, 0 errors, 1 left on base; Memphis 1 - Gainesville 4 |
TOP OF THE 6TH |
Memphis Blues batting - Pitching for Gainesville Guidos : RHP Rodney Hall
|
Batting: RHB Julian Lee
|
0-0: Swinging Strike 0-1: Foul Ball, location: 2F 0-2: Ball 1-2: Foul Ball, location: 2F 1-2: Foul Ball, location: 2F 1-2: Ball 2-2: Foul Ball, location: 2F 2-2: Strikes out looking
|
Batting: RHB Ryan Nelson
|
0-0: Ball 1-0: Fly out, F3 (Line Drive, 3S)
|
Batting: SHB Hang-ki Yue
|
0-0: Ball 1-0: Ball 2-0: Ball 3-0: Base on Balls
|
Batting: LHB Freddy Torres
|
0-0: Ball 1-0: Ground out U3 (Groundball, 3)
|
Top of the 6th over - 0 runs, 0 hits, 0 errors, 1 left on base; Memphis 1 - Gainesville 4 |
BOTTOM OF THE 6TH |
Gainesville Guidos batting - Pitching for Memphis Blues : RHP Carlos Morán
|
Pitching: RHP Fernando Llama
|
|
Batting: RHB Ricardo Medina
|
0-0: Ball 1-0: Swinging Strike 1-1: Foul Ball, location: 2F 1-2: Foul Ball, location: 2F 1-2: Strikes out looking
|
Batting: RHB Ronald Cleveland
|
0-0: Called Strike 0-1: Ground out 6-3 (Groundball, 6)
|
Batting: SHB Manuel Díaz
|
0-0: Ball 1-0: Foul Ball, location: 2F 1-1: Swinging Strike 1-2: Ball 2-2: Foul Ball, location: 2F 2-2: Strikes out looking
|
Bottom of the 6th over - 0 runs, 0 hits, 0 errors, 0 left on base; Memphis 1 - Gainesville 4 |
TOP OF THE 7TH |
Memphis Blues batting - Pitching for Gainesville Guidos : RHP Rodney Hall
|
Pitching: RHP Mario Tovar
|
|
Batting: RHB Miguel Mendoza
|
0-0: Ball 1-0: Ball 2-0: Fly out, F9 (Line Drive, 9)
|
Batting: LHB Armando Domínguez
|
0-0: Called Strike 0-1: Foul Ball, location: 2F 0-2: Strikes out swinging
|
Batting: RHB Albert Morán
|
0-0: Ball 1-0: Bunted foul 1-1: Foul Ball, location: 2F 1-2: Fly out, F9 (Flyball, 9S)
|
Top of the 7th over - 0 runs, 0 hits, 0 errors, 0 left on base; Memphis 1 - Gainesville 4 |
BOTTOM OF THE 7TH |
Gainesville Guidos batting - Pitching for Memphis Blues : RHP Fernando Llama
|
Batting: RHB Doug Coleman
|
0-0: Ball 1-0: Ball 2-0: Foul Ball, location: 2F 2-1: SINGLE (Line Drive, 5D)
|
Batting: RHB César Castillo
|
0-0: Called Strike 0-1: SINGLE (Flyball, 8RS) Doug Coleman to second Runner from 2nd tries for 3rd, SAFE, no throw
|
Batting: SHB José Sousa
|
0-0: Ball 1-0: Ball 2-0: Ball 3-0: Called Strike 3-1: 3-RUN HOME RUN (Flyball, 9D), Distance : 355 ft
|
Pitching: LHP Jaden Watkins
|
|
Batting: LHB Scott Young
|
0-0: Ball 1-0: Foul Ball, location: 2F 1-1: Foul Ball, location: 2F 1-2: Ball 2-2: SINGLE (Groundball, 3S) (infield hit)
|
Batting: RHB George Green
|
0-0: Ball 1-0: Ball 2-0: Called Strike 2-1: Fly out, F8 (Flyball, 8RM)
|
Batting: RHB León Reynoso
|
0-0: Ball 1-0: Foul Ball, location: 2F 1-1: Foul Ball, location: 2F 1-2: Ball 2-2: Foul Ball, location: 2F 2-2: Ball 3-2: Base on Balls Scott Young to second
|
Batting: RHB Ricardo Medina
|
0-0: Called Strike 0-1: Ball 1-1: Called Strike 1-2: Foul Ball, location: 2F 1-2: Strikes out swinging
|
Batting: RHB Ronald Cleveland
|
0-0: Swinging Strike 0-1: Swinging Strike 0-2: Foul Ball, location: 2F 0-2: Ball 1-2: Foul Ball, location: 2F 1-2: Strikes out looking
|
Bottom of the 7th over - 3 runs, 4 hits, 0 errors, 2 left on base; Memphis 1 - Gainesville 7 |
TOP OF THE 8TH |
Memphis Blues batting - Pitching for Gainesville Guidos : RHP Mario Tovar
|
Now in RF: Cornell Payne
|
|
Batting: RHB Brandon Townsley
|
0-0: Ball 1-0: Swinging Strike 1-1: Ball 2-1: Foul Ball, location: 2F 2-2: Ball 3-2: Base on Balls
|
Batting: SHB Fernando Gutiérrez
|
0-0: Ball 1-0: Ball Wild Pitch! Brandon Townsley to second 2-0: Called Strike 2-1: Foul Ball, location: 2F 2-2: Ball 3-2: Foul Ball, location: 2F 3-2: Foul Ball, location: 2F 3-2: Foul Ball, location: 2F 3-2: Foul Ball, location: 2F 3-2: Base on Balls
|
Batting: RHB Julian Lee
|
0-0: Called Strike 0-1: Foul Ball, location: 2F 0-2: Foul Ball, location: 2F 0-2: Foul Ball, location: 2F 0-2: Ball 1-2: Strikes out swinging
|
Batting: RHB Ryan Nelson
|
0-0: Fly out, F9 (Flyball, 9)
|
Batting: SHB Hang-ki Yue
|
0-0: Fly out, F8 (Flyball, 8RD)
|
Top of the 8th over - 0 runs, 0 hits, 0 errors, 2 left on base; Memphis 1 - Gainesville 7 |
BOTTOM OF THE 8TH |
Gainesville Guidos batting - Pitching for Memphis Blues : LHP Jaden Watkins
|
Batting: SHB Manuel Díaz
|
0-0: Ball 1-0: Called Strike 1-1: Ball 2-1: Ball 3-1: Base on Balls
|
Batting: RHB Doug Coleman
|
0-0: Ball 1-0: SINGLE (Groundball, 34D) Manuel Díaz to second Runner from 2nd tries for 3rd, SAFE, no throw
|
Batting: RHB César Castillo
|
0-0: Ball 1-0: Ball 2-0: Foul Ball, location: 2F 2-1: Fly out, F9 (Flyball, 9D) Runner from 3rd tags up, SCORES, no throw
|
Batting: SHB José Sousa
|
0-0: Called Strike 0-1: SINGLE (Line Drive, 56) Doug Coleman to second
|
Batting: LHB Scott Young
|
0-0: Grounds into double play, 4-6-3 (Groundball, 4)
|
Bottom of the 8th over - 1 run, 2 hits, 0 errors, 1 left on base; Memphis 1 - Gainesville 8 |
TOP OF THE 9TH |
Memphis Blues batting - Pitching for Gainesville Guidos : RHP Mario Tovar
|
Batting: LHB Freddy Torres
|
0-0: Called Strike 0-1: Ball 1-1: Ground out U3 (Groundball, 3L)
|
Batting: RHB Miguel Mendoza
|
0-0: Ball 1-0: Ball 2-0: Ball 3-0: Fly out, F3 (Popup, 34)
|
Batting: LHB Armando Domínguez
|
0-0: Ball 1-0: SINGLE (Line Drive, 9S)
|
Batting: RHB Albert Morán
|
0-0: Called Strike 0-1: Ground out 4-3 (Groundball, 4)
|
Top of the 9th over - 0 runs, 1 hit, 0 errors, 1 left on base; Memphis 1 - Gainesville 8 |
|